AoeStats
← PerfectNexus

Arabia

508156496Analyzed
3v3 RM · 11d ago on Sep 21, 2026· 34m 49s· 6 players
Game mode
Random Map
Map size
Normal (6 player)
Population
200
Speed
Normal
Resources
Standard
Victory
Conquest
Starting age
Dark Age
Ending age
Imperial Age
RankedLock teamsTeams togetherTeam positionsShared explorationLock speedFull tech treeHidden civsTurbo modeCheats
Victory
Defeat
🇲🇽 Ethiopians · Mexico
955
+14
🇲🇽 Malay · Mexico
942
+14
🇲🇽 Vietnamese · Mexico
895
+16
🇦🇷 Britons · Argentina
966
-18
🇺🇸 Ethiopians · United States
870
-13
🇲🇽 Khmer · Mexico
858
-13
MKNT NavyBlock
3:21 Loom
10:44 Feudal Age
18:22 Castle Age
18:03 Fletching
18:14 Padded Archer Armor
19:13 Crossbowman
20:57 Bodkin Arrow
25:08 Thumb Ring
25:23 Double-Bit Axe
33:24 Wheelbarrow
33:54 Bow Saw
MKNT | Jpanda
6:02 Loom
6:10 Loom
9:47 Feudal Age
10:23 Double-Bit Axe
12:34 Horse Collar
17:07 Fletching
17:17 Padded Archer Armor
25:07 Castle Age
26:52 Crossbowman
31:00 Leather Archer Armor
Carrillo
14:23 Feudal Age
13:56 Loom
17:55 Double-Bit Axe
20:02 Bloodlines
21:12 Horse Collar
24:32 Castle Age
22:19 Town Watch
23:38 Man-at-Arms
27:56 Elite Skirmisher
PerfectNexus
11:09 Feudal Age
14:21 Double-Bit Axe
15:48 Fletching
17:04 Wheelbarrow
16:53 Padded Archer Armor
23:41 Castle Age
23:47 Crossbowman
24:33 Thumb Ring
26:19 Bodkin Arrow
30:18 Bow Saw
32:02 Forging
33:27 Iron Casting
33:30 Arson
35:15 Scale Mail Armor
AZTK Blasin
0:33 Loom
11:54 Feudal Age
12:26 Wheelbarrow
13:45 Double-Bit Axe
13:46 Horse Collar
20:48 Forging
25:29 Castle Age
23:39 Stone Mining
24:52 Fletching
25:02 Padded Archer Armor
24:57 Town Watch
26:34 Heavy Plow
30:38 Arson
30:56 Squires
32:01 Bow Saw
33:17 Bodkin Arrow
35:26 Hand Cart
ascfska
8:00 Loom
10:42 Feudal Age
12:18 Double-Bit Axe
12:26 Gold Mining
12:20 Horse Collar
20:18 Castle Age
18:47 Fletching
19:22 Padded Archer Armor
20:50 Crossbowman
21:27 Bodkin Arrow
23:04 Wheelbarrow
24:14 Leather Archer Armor
25:15 Bow Saw
26:01 Heavy Plow
27:18 Ballistics
27:36 Hand Cart
30:05 Elite Skirmisher
37:24 Imperial Age
Connection lost

Rejoining the realm…

Still unreachable

The connection could not be restored.

Session expired

The server has moved on; the page needs a fresh start.